 Dungeon Crawl Stone Soup version 0.28-a0-883-gc8d7bad45d (webtiles) character file.

Game seed: 6764321355212216519

87 orbtoucher the Grave Robber (level 4, -3/32 HPs)
             Began as a Mummy Necromancer on Nov 21, 2021.
             Slain by a gnoll shaman (9 damage)
             ... on level 2 of the Dungeon.
             The game lasted 00:07:20 (2597 turns).

orbtoucher the Grave Robber (Mummy Necromancer)     Turns: 2597, Time: 00:07:20

Health: -3/32      AC:  3    Str: 11    XL:     4   Next: 28%
Magic:  1/9        EV: 12    Int: 15    God:
Gold:   42         SH:  0    Dex: 12    Spells: 1/10 levels left

rFire   x . .      SeeInvis .   a - +0 dagger (venom)
rCold   + . .      Faith    .   (no shield)
rNeg    + + +      Spirit   .   c - +0 robe
rPois   ∞          Reflect  .   (no helmet)
rElec   .          Harm     .   (no cloak)
rCorr   .          Rampage  .   d - +0 pair of gloves
Will    .....                   (no boots)
Stlth   ++........              (no amulet)
HPRegen 0.10/turn               (no ring)
MPRegen 0.11/turn               (no ring)

@: no status effects
A: cold resistance 1, negative energy resistance 3, torment resistance 2, heat
vulnerability 1, no potions
a: no special abilities


You were on level 2 of the Dungeon.
You visited 1 branch of the dungeon, and saw 2 of its levels.

You collected 42 gold pieces.

Inventory:

Hand Weapons
 a - a +0 dagger of venom (weapon)
 b - a +0 hunting sling
Missiles
 f - 19 stones (quivered)
Armour
 c - a +0 robe (worn)
 d - a +0 pair of gloves (worn)
Scrolls
 e - a scroll of holy word {unknown}
 g - a scroll of amnesia {unknown}
 h - a scroll of silence {unknown}
 i - a scroll of summoning {unknown}


   Skills:
 + Level 1.4 Fighting
 - Level 2.0 Dodging
 - Level 2.0 Stealth
 + Level 3.5 Spellcasting
 * Level 4.7 Necromancy


You had one spell level left.
You knew the following spells:

 Your Spells              Type           Power      Damage    Failure   Level
a - Pain                  Necr           64%        1d7       2%          1
d - Vampiric Draining     Necr           16%        2d7       9%          3
k - Animate Skeleton      Necr           32%        N/A       2%          1
p - Animate Dead          Necr           8%         N/A       26%         4

Your spell library contained the following spells:

 Spells                   Type           Power      Damage    Failure   Level
 Blink                    Tloc           4%         N/A       28%         2
 Lesser Beckoning         Tloc           2%         N/A       50%         3
 Agony                    Necr           16%        N/A       58%         5
 Manifold Assault         Tloc           2%         N/A       99%         5


Dungeon Overview and Level Annotations

Branches:
Dungeon (2/15)

Altars:


Innate Abilities, Weirdness & Mutations

You are immune to poison.
Your flesh is cold resistant. (rC+)
You are immune to negative energy. (rN+++)
You are immune to unholy pain and torment.
You are vulnerable to heat. (rF-)
You do not drink.


Message History

Aiming: Pain (safe; 2% risk of failure)
Press: ? - help, Shift-Dir - straight line, f/p - gnoll shaman
Aim: a gnoll shaman, wielding a +0 whip and wearing a +0 leather armour (moderately wounded, chance to affect: 75%)
The gnoll shaman struggles to resist.
The gnoll shaman hits you with a +0 whip!
Casting: Pain (safe; 2% risk of failure)
Confirm with . or Enter, or press ? or * to list all spells.
Aiming: Pain (safe; 2% risk of failure)
Press: ? - help, Shift-Dir - straight line, f/p - gnoll shaman
Aim: a gnoll shaman, wielding a +0 whip and wearing a +0 leather armour (moderately wounded, chance to affect: 75%)
The gnoll shaman writhes in agony.
The gnoll shaman hits you with a +0 whip!
Casting: Pain (safe; 2% risk of failure)
Confirm with . or Enter, or press ? or * to list all spells.
The spell is quite dangerous to cast (9% risk of failure)!
Continue anyway? [Y]es or [N]o only, please.
The spell is quite dangerous to cast (9% risk of failure)!
Continue anyway? [Y]es or [N]o only, please.
The spell is quite dangerous to cast (9% risk of failure)!
Continue anyway?
Okay, then.
Unknown command.
Unknown command.
You barely miss the gnoll shaman.
The gnoll shaman is heavily wounded.
The gnoll shaman hits you with a +0 whip!
* * * LOW HITPOINT WARNING * * *
Casting: Vampiric Draining (quite dangerous; 9% risk of failure)
Confirm with . or Enter, or press ? or * to list all spells.
Aiming: Pain (safe; 2% risk of failure)
Press: ? - help, Shift-Dir - straight line, f/p - gnoll shaman
Aim: a gnoll shaman, wielding a +0 whip and wearing a +0 leather armour (heavily wounded, chance to affect: 75%)
The gnoll shaman writhes in agony.
The gnoll shaman barely misses you.
Casting: Pain (safe; 2% risk of failure)
Confirm with . or Enter, or press ? or * to list all spells.
Aiming: Pain (safe; 2% risk of failure)
Press: ? - help, Shift-Dir - straight line, f/p - gnoll shaman
Aim: a gnoll shaman, wielding a +0 whip and wearing a +0 leather armour (heavily wounded, chance to affect: 75%)
The gnoll shaman writhes in agony.
The gnoll shaman hits you with a +0 whip!
You die...

.......# #(#
######.########## #.#
##..........# #.#
#####..########.# #.#
#..........# #.# ## #.#
#.###.####.# #.# .. #.#
##.####.####.######.###
#.#
#.....................#
#.# #..####.##...@g.).#
#.#
#.##.)#........#####.#
#.# #..........###.# .#
#.# ####..#.#### #.# g#
#.# #..#.# #.# .# #.#
#....# #.# .. ###.#
#..### #.# ## #...#
#.#. #.# #.### .# # #.#
#.#


You could see a gnoll shaman.

Vanquished Creatures
  3 adders (D:2)
  2 gnolls (D:2)
  2 bats
  5 endoplasms
  A giant cockroach (D:1)
  7 goblins
  A hobgoblin (D:1)
  2 kobolds (D:1)
  6 quokkas
  2 ball pythons
  4 frilled lizards (D:1)
  4 rats (D:1)
39 creatures vanquished.

Notes
Turn   | Place    | Note
-------+----------+-------------------------------------------
     0 | D:1      | orbtoucher the Mummy Necromancer began the quest for the
                  | Orb.
     0 | D:1      | Reached XP level 1. HP: 13/13 MP: 4/4
   191 | D:1      | Found a faded altar of an unknown god.
   239 | D:1      | Learned a level 1 spell: Animate Skeleton
   304 | D:1      | Reached XP level 2. HP: 20/20 MP: 0/5
  1403 | D:2      | Reached XP level 3. HP: 25/25 MP: 2/7
  1548 | D:2      | Learned a level 3 spell: Vampiric Draining
  1909 | D:2      | Reached skill level 1 in Fighting
  2065 | D:2      | Reached XP level 4. HP: 4/32 MP: 0/9
  2488 | D:2      | Learned a level 4 spell: Animate Dead
  2597 | D:2      | Slain by a gnoll shaman

Illustrated notes

Levels and vault maps discovered:
D:1:      ebering_hopf_link, layout_basic, basic_ecumenical_altar
D:2:      layout_loops_ring

Skill      XL: |  1  2  3 |
---------------+----------+-----
Spellcasting   | 3 |  3.5
Stealth        | 2 |  2.0
Fighting       | 1 |  1.4
Dodging        | 2 |  2.0
Necromancy     | |  4.7

Action                   |  1- 3 |  4- 6 || total
-------------------------+-------+-------++-------
Melee: Dagger            |     6 |     1 ||     7
 Cast: Pain              |    67 |    14 ||    81
 Stab: Sleeping          |     3 |       ||     3
Armor: Robe              |     4 |     1 ||     5
Dodge: Dodged            |    25 |     1 ||    26

Table legend: (Time is in decaauts)
 A = Elapsed time spent in this place.
 B = Non-inter-level travel time spent in this place.
 C = Inter-level travel time spent in this place.
 D = Time resting spent in this place.
 E = Time spent auto-exploring this place.
 F = Levels seen in this place.
 G = Mean time per level.
                   A        B        C        D        E       F      G
               +--------+--------+--------+--------+--------+-----+--------+
         Total |   2597 |   2575 |     22 |   1146 |   1087 |   2 | 1298.5 |
       Dungeon |   2597 |   2575 |     22 |   1146 |   1087 |   2 | 1298.5 |
               +--------+--------+--------+--------+--------+-----+--------+

Top non-repeatable levels by time:
     D:1: 1394 daAuts
     D:2: 1203 daAuts
